 Dungeon Crawl Stone Soup version 0.29-a0-294-g83ea962da3 (webtiles) character file.

Game seed: 9731087182216882269

450 esteth the Caller (level 6, -2/24 HPs)
             Began as a Felid Summoner on Mar 17, 2022.
             Was an Initiate of Kikubaaqudgha.
             Slain by a steam dragon (5 damage)
             ... on level 6 of the Dungeon on Mar 18, 2022.
             The game lasted 00:19:41 (7803 turns).

esteth the Caller (Felid Summoner)                  Turns: 7803, Time: 00:19:41

Health: -2/24      AC:  2    Str:  4    XL:     6   Next: 74%
Magic:  6/13       EV: 18    Int: 19    God:    Kikubaaqudgha [......]
Gold:   350        SH:  0    Dex: 22    Spells: 7/14 levels left
                                        Lives:  0   Deaths: 2

rFire   . . .      SeeInvis +   (weapon unavailable)
rCold   . . .      Faith    .   (shield unavailable)
rNeg    . . .      Spirit   .   (body armour unavailable)
rPois   +          Reflect  .   (helmet unavailable)
rElec   .          Harm     .   (cloak unavailable)
rCorr   .          Rampage  .   (gloves unavailable)
Will    .....                   (boots unavailable)
Stlth   +++.......              (no amulet)
HPRegen 0.08/turn               P - ring of poison resistance
MPRegen 0.13/turn               D - +6 ring of dexterity

@: quick
A: very small, claws 1, fangs 3, see invisible, speed 1, shaggy fur 2, stealthy
paws, no weapons or thrown items, no armour, multi-lived
a: Renounce Religion


You were on level 6 of the Dungeon.
You worshipped Kikubaaqudgha.
Kikubaaqudgha was noncommittal.
You visited 2 branches of the dungeon, and saw 7 of its levels.

You collected 350 gold pieces.


Innate Abilities, Weirdness & Mutations

You have sharp claws.
You have razor-sharp teeth.
You have supernaturally acute eyesight. (SInv)
You cover ground quickly. (Speed+)
You are covered in thick fur. (AC +2)
Your paws help you pounce on unaware monsters.
You are incapable of wielding weapons or throwing items.
You cannot wear armour.
You gain extra lives every three experience levels.


   Skills:
 - Level 2.6 Dodging
 - Level 5.0 Stealth
 + Level 4.5 Spellcasting
 * Level 7.5 Summonings
 * Level 3.9 Air Magic


You had 7 spell levels left.
You knew the following spells:

 Your Spells              Type           Power      Damage    Failure   Level
c - Call Imp              Summ           32%        N/A       1%          2
l - Summon Lightning Spi  Summ/Air       26%        N/A       12%         4
s - Summon Small Mammal   Summ           100%       N/A       1%          1

Your spell library contained the following spells:

 Spells                   Type           Power      Damage    Failure   Level
 Call Canine Familiar     Summ           32%        N/A       1%          3
 Swiftness                Air            19%        N/A       8%          3
 Summon Guardian Golem    Hex/Summ       18%        N/A       9%          3
 Blink                    Tloc           8%         N/A       21%         2
 Ensorcelled Hibernation  Hex/Ice        8%         N/A       21%         2
 Passwall                 Tmut/Erth      3%         N/A       21%         2
 Mephitic Cloud           Conj/Pois/Air  9%         N/A       22%         3
 Ignite Poison            Fire/Tmut/Pois 4%         N/A       36%         3
 Lesser Beckoning         Tloc           4%         N/A       36%         3
 Tukima's Dance           Hex            4%         N/A       36%         3
 Passage of Golubria      Tloc           4%         N/A       78%         4
 Freezing Cloud           Conj/Ice/Air   4%         6-21      91%         5
 Manifold Assault         Tloc           4%         N/A       98%         5
 Yara's Violent Unravell  Hex/Tmut       2%         3d3       98%         5

Inventory:

Jewellery
 D - a +6 ring of dexterity (right paw)
   (You found it on level 5 of the Dungeon)
 F - a ring of fire
   (You found it on level 4 of the Dungeon)
 P - a ring of poison resistance (left paw)
   (You found it on level 2 of the Dungeon)
Wands
 p - a wand of iceblast (13)
   (You found it on level 5 of the Dungeon)
 q - a wand of mindburst (11)
   (You found it on level 6 of the Dungeon)
Scrolls
 b - 2 scrolls of enchant armour {unknown}
 c - a scroll of blinking {!r}
 d - a scroll of fog {unknown}
 g - 4 scrolls of teleportation {unknown}
 h - 10 scrolls of identify {unknown}
 i - a scroll of holy word {unknown}
 j - a scroll of magic mapping {unknown}
 l - a scroll of enchant weapon {unknown}
 n - a scroll of immolation {unknown}
 r - a scroll of amnesia {unknown}
Potions
 a - a potion of magic
 e - a potion of heal wounds {@q2}
 f - a potion of degeneration {unknown}
 k - a potion of might {unknown}
 m - a potion of brilliance {unknown}
 o - a potion of ambrosia {unknown}

Dungeon Overview and Level Annotations

Branches:
Dungeon (6/15)             Temple (1/1) D:6

Altars:
Elyvilon
Hepliaklqana
Kikubaaqudgha
Nemelex Xobeh
Wu Jian
Zin

Annotations:
D:5 exclusion: 2 downstairs

#.########## #...........
############ # # # #.##### #
.......### #
#......@ยง########## #
#####.ยงDยง.8.......# # ###
#.5#.########.## # >.# #..#.#
##...## # #.# #..#.#
##.....## # .# #.# #..#.#
##.......### .# #.#
#..#.####.........## .#
######.###..#.##.............
.#
#.....................<....##


You could see a steam dragon (catching breath, ally target), a friendly
lightning spire (summoned) and a friendly crimson imp (summoned).


Message History

g - Guard the area. f - Follow me.
Anything else - Cancel.
Okay, then.
What are your orders? t - Meow!
Orders for allies: a - Attack new target. r - Retreat! s - Stop attacking. g - Guard the area. f - Follow me.
Anything else - Cancel.
Gang up on whom?
Press: ? - help, Dir - move target, f - sky beast
Aim: a sky beast (ally target) Attack! ๐Ÿ˜Ž MP[+1]
The sky beast flickers out of sight for a moment.
The sky beast hits you. The sky beast shocks you. ๐Ÿ˜ฎ HP[-9]
You take 9 damage, and now have 18/27 hp.
MASSIVE DAMAGE!! (PAUSE)
The sky beast hits you. The sky beast shocks you.
* * * LOW HITPOINT WARNING * * *
๐Ÿ˜จ HP[-7]
You take 7 damage, and now have 11/27 hp.
MASSIVE DAMAGE!! (PAUSE)
You scratch the sky beast.
The sky beast hits you but does no damage.
You miss the sky beast. The sky beast barely misses you.
You closely miss the sky beast. The sky beast misses you.
You barely miss the sky beast.
The sky beast barely misses you. ๐Ÿ˜จ HP[+1] MP[+1]
You barely miss the sky beast. The sky beast hits you.
* * * LOW HITPOINT WARNING * * *
The sky beast shocks you.
* * * LOW HITPOINT WARNING * * *
๐Ÿ˜ฑ HP[-7]
You take 7 damage, and now have 5/27 hp.
MASSIVE DAMAGE!! (PAUSE)
Casting: Summon Lightning Spire (extremely dangerous; 12% risk of failure)
Confirm with . or Enter, or press ? or * to list all spells.
A beastly little devil appears in a puff of frigid air.
The sky beast hits you.
* * * LOW HITPOINT WARNING * * *
The sky beast shocks you.
You die...
You are now level 6!
You rejoin the land of the living... ๐Ÿ˜Ž HP[+19] MP[+8]
You now have 24 max hp (-3).
Your hp is fully restored (24).
Your mp is fully restored (13).
q - a wand of mindburst (11)
Found a stone staircase leading down.
There is a stone staircase leading down here.
You see here a +0 hand axe.
r - a scroll labelled BUZOTU JEUBB
Casting: Call Imp (safe; 1% risk of failure)
Confirm with . or Enter, or press ? or * to list all spells.
The spell is extremely dangerous to miscast (12% risk of failure)!
Continue anyway?
An electric hum fills the air.
The steam dragon hisses angrily. ๐Ÿ˜Ž MP[-4]
You lost 4 mp, and now have 9/13 mp.
Casting: Summon Lightning Spire (extremely dangerous; 12% risk of failure)
Confirm with . or Enter, or press ? or * to list all spells.
A beastly little devil appears in a puff of flame. ๐Ÿ˜Ž MP[-2]
You lost 2 mp, and now have 7/13 mp.
Casting: Call Imp (safe; 1% risk of failure)
Confirm with . or Enter, or press ? or * to list all spells.
A beastly little devil appears in a puff of flame.
Your crimson imp disappears in a puff of smoke!
The steam dragon closely misses you. The steam dragon completely misses you.
Your lightning spire shoots out a bolt of lightning at the steam dragon!
The bolt of electricity misses the steam dragon. ๐Ÿ˜Ž MP[-2]
You lost 2 mp, and now have 5/13 mp.
What are your orders? t - Meow!
Orders for allies: a - Attack new target. r - Retreat! s - Stop attacking. g - Guard the area. f - Follow me.
Anything else - Cancel.
Gang up on whom?
Press: ? - help, Dir - move target, f - steam dragon
Aim: a steam dragon (ally target) Attack!
The steam dragon breathes steam at you. The ball of steam hits you!!
Ouch! That really hurt!
* * * LOW HITPOINT WARNING * * *
Your lightning spire shoots out a bolt of lightning at the steam dragon!
The bolt of electricity hits the steam dragon.
Your crimson imp hits the steam dragon but does no damage. ๐Ÿ˜ฑ HP[-19]
You take 19 damage, and now have 5/24 hp.
MASSIVE DAMAGE!! (PAUSE)
You barely miss the steam dragon. The steam dragon bites you.
* * * LOW HITPOINT WARNING * * *
The steam dragon claws you.
You die...
Kikubaaqudgha rasps: "You have failed me!
Welcome... death!"

Skill      XL: |  1  2  3  4  5  6 |
---------------+-------------------+-----
Stealth        | 3 4 5 |  5.0
Summonings     | 5 7 |  7.5
Spellcasting   | 3 4 |  4.5
Air Magic      | 2 3 |  3.9
Dodging        | |  2.6

Action                   |  1- 3 |  4- 6 |  7- 9 || total
-------------------------+-------+-------+-------++-------
Melee: Unarmed           |    19 |    37 |    10 ||    66
       Bite              |     1 |     7 |       ||     8
 Cast: Summon Small Mamm |    45 |    31 |     3 ||    79
       Call Imp          |    16 |    39 |     8 ||    63
       Summon Lightning  |       |     6 |     7 ||    13
  Use: Scroll            |       |       |     1 ||     1
       Potion            |       |       |     1 ||     1
 Stab: Distracted        |     2 |       |       ||     2
Armor: Skin              |     3 |     6 |     3 ||    12
Dodge: Dodged            |    70 |    61 |    19 ||   150

Levels and vault maps discovered:
D:1:      shiori_arrival_whats_in_store_for_you, layout_basic,
          chequers_ecumenical_altar_grove, minmay_pentomino_s4
D:2:      layout_loops_ring, serial_rivers, chequers_serial_rivers_micro_b,
          chequers_serial_rivers_room_b, chequers_serial_rivers_micro_e,
          chequers_serial_rivers_small_3, chequers_serial_rivers_micro_e,
          chequers_serial_rivers_marsh
D:3:      wad_pebble_path, layout_loops_ring
D:4:      layout_loops_corners, serial_bayou, serial_bayou_ford_a,
          serial_bayou_pond_a, serial_bayou_pond_c, serial_bayou_lagoon_a,
          serial_bayou_pond_e
D:5:      layout_rooms, serial_corexii_hall, corexii_hall_statues_u,
          corexii_hall_statues_x, corexii_hall_statues_i,
          corexii_hall_statues_i, hangedman_abyss_or_decor_stagger,
          chequers_big_river
D:6:      layout_loops_ring, minmay_temple_entry_trees, uniq_eustachio
Temple:   minmay_crystal_snake_temple

Notes
Turn   | Place    | Note
-------+----------+-------------------------------------------
     0 | D:1      | esteth the Felid Summoner began the quest for the Orb.
     0 | D:1      | Reached XP level 1. HP: 7/7 MP: 4/4
     0 | D:1      | Noticed a merfolk
     0 | D:1      | Noticed a merfolk
     0 | D:1      | magus.rc [v1.11.3]
     3 | D:1      | Noticed a draconian
     6 | D:1      | Noticed a demigod
     7 | D:1      | Noticed a felid
     8 | D:1      | Noticed a spriggan
     9 | D:1      | Noticed a vampire
    11 | D:1      | Noticed a vampire
    15 | D:1      | Noticed a troll
    15 | D:1      | Noticed a spriggan
    17 | D:1      | Noticed a barachi
    17 | D:1      | Noticed a naga
    19 | D:1      | Noticed a spriggan
    19 | D:1      | Noticed a gargoyle
    21 | D:1      | Noticed a troll
   253 | D:1      | You add the spells Tukima's Dance, Passage of Golubria and
                  | Yara's Violent Unravelling to your library.
   321 | D:1      | Reached skill level 3 in Stealth
   322 | D:1      | Reached XP level 2. HP: 7/11 MP: 4/6
   587 | D:1      | You add the spells Ignite Poison, Mephitic Cloud and
                  | Freezing Cloud to your library.
   979 | D:1      | Found a faded altar of an unknown god.
  1833 | D:2      | Reached XP level 3. HP: 14/14 MP: 5/7
  1836 | D:2      | Learned a level 2 spell: Call Imp
  2215 | D:3      | You pick up a book of Spatial Translocations and begin
                  | reading...
  2215 | D:3      | You add the spells Blink, Lesser Beckoning and Manifold
                  | Assault to your library.
  3613 | D:4      | Reached XP level 4. HP: 18/18 MP: 5/8
  3754 | D:4      | Noticed a phantom
  3803 | D:4      | Killed a phantom
  3804 | D:4      | Reached skill level 4 in Stealth
  3804 | D:4      | Reached skill level 5 in Summonings
  3804 | D:4      | Reached XP level 5. HP: 10/21 MP: 3/10
  4104 | D:4      | You pick up a book of Callings and begin reading...
  4122 | D:4      | Reached skill level 3 in Spellcasting
  4625 | D:4      | Reached skill level 5 in Stealth
  4625 | D:4      | Gained mutation: You are covered in thick fur. (AC +2)
                  | [Felid growth]
  4625 | D:4      | Reached XP level 6. HP: 14/24 MP: 6/12
  4780 | D:4      | You pick up a book of Burglary and begin reading...
  4780 | D:4      | You add the spells Passwall, Ensorcelled Hibernation and
                  | Swiftness to your library.
  4798 | D:4      | Learned a level 4 spell: Summon Lightning Spire
  5179 | D:4      | Reached skill level 6 in Summonings
  5327 | D:5      | Entered Level 5 of the Dungeon
  5445 | D:5      | Reached skill level 1 in Air Magic
  5644 | D:5      | Slain by an iguana
  5645 | D:5      | Reached XP level 5. HP: -1/21 MP: 10/11
  5685 | D:5      | Upgraded the game from 0.29-a0-289-g2178c42546 to
                  | 0.29-a0-294-g83ea962da3
  5685 | D:5      | magus.rc [v1.11.3]
  5704 | D:5      | Reached skill level 2 in Air Magic
  5704 | D:5      | Reached XP level 6. HP: 24/24 MP: 8/12
  5863 | D:5      | Identified a +2 robe of the Archmagi
  6244 | D:5      | Reached skill level 4 in Spellcasting
  6365 | D:5      | Reached skill level 7 in Summonings
  6365 | D:5      | Reached skill level 3 in Air Magic
  6365 | D:5      | Reached XP level 7. HP: 11/27 MP: 4/14
  6707 | D:5      | HP: 6/27 [centaur/arrow (13)]
  7166 | D:6      | Noticed a gargoyle
  7175 | D:6      | Noticed a steam dragon
  7502 | D:6      | Found a staircase to the Ecumenical Temple.
  7511 | Temple   | Entered the Ecumenical Temple
  7538 | Temple   | Became a worshipper of Kikubaaqudgha
  7592 | D:6      | HP: 3/27 [bullfrog (6)]
  7725 | D:6      | HP: 5/27 [sky beast (6)]
  7726 | D:6      | Slain by a sky beast
  7727 | D:6      | Reached XP level 6. HP: -3/24 MP: 3/13
  7801 | D:6      | HP: 5/24 [steam dragon/ball of steam (19)]
  7803 | D:6      | Slain by a steam dragon

Vanquished Creatures
  A scorpion (D:4)
  2 worms
  A dart slug (D:2)
  A ball python (D:4)
  2 hobgoblins
  2 kobolds
  A giant cockroach (D:2)
10 creatures vanquished.

Vanquished Creatures (collateral kills)
  2 black bears (D:5)
  2 centaurs
  2 ogres
  A phantom (D:4)
  A bullfrog (D:6)
  2 scorpions
  2 iguanas
  3 orc wizards (D:5)
  4 gnolls (D:4)
  4 adders
  A worm (D:2)
  4 dart slugs
  8 orcs
  5 endoplasms
  10 goblins
  3 hobgoblins
  4 ball pythons
  3 bats
  A frilled lizard (D:1)
  5 kobolds
  5 rats
72 creatures vanquished.

Vanquished Creatures (others)
  26 plants (D:4)
26 creatures vanquished.

Grand Total: 108 creatures vanquished

Table legend:
 A = Non-vault XP
 B = Vault XP
 C = Vault XP percentage of total XP
 D = Non-vault monster count
 E = Vault monster count
 F = Vault count percentage of total count
                 A         B        C        D         E       F
            +---------+---------+-------+---------+---------+-------
      Total |    1558 |       5 |   0.3 |      78 |       4 |   4.9
            +---------+---------+-------+---------+---------+-------
        D:1 |      11 |       5 |  31.2 |       7 |       4 |  36.4
        D:2 |      31 |       0 |   0.0 |      16 |       0 |   0.0
        D:3 |      30 |       0 |   0.0 |      12 |       0 |   0.0
        D:4 |     415 |       0 |   0.0 |      23 |       0 |   0.0
        D:5 |     753 |       0 |   0.0 |      17 |       0 |   0.0
        D:6 |     318 |       0 |   0.0 |       3 |       0 |   0.0
            +---------+---------+-------+---------+---------+-------

Illustrated notes

Table legend:
 A = Kills in this place as a percentage of kills in entire the game.
 B = Kills by you in this place as a percentage of kills by you in the entire game.
 C = Kills by friends in this place as a percentage of kills by friends in the entire game.
 D = Other kills in this place as a percentage of other kills in the entire game.
 E = Experience gained in this place as a percentage of experience gained in the entire game.
 F = Experience gained in this place divided by the number of levels of this place that you have seen.
                   A       B       C       D       E      F
               +-------+-------+-------+-------+-------+----------------------
         Total | 100.0 | 100.0 | 100.0 |   N/A | 100.0 | 223.3
       Dungeon | 100.0 | 100.0 | 100.0 |   N/A | 100.0 | 260.5
               +-------+-------+-------+-------+-------+----------------------

Table legend: (Time is in decaauts)
 A = Elapsed time spent in this place.
 B = Non-inter-level travel time spent in this place.
 C = Inter-level travel time spent in this place.
 D = Time resting spent in this place.
 E = Time spent auto-exploring this place.
 F = Levels seen in this place.
 G = Mean time per level.
                   A        B        C        D        E       F      G
               +--------+--------+--------+--------+--------+-----+--------+
         Total |   7036 |   6875 |    161 |    234 |   5370 |   7 | 1005.1 |
       Dungeon |   6996 |   6852 |    144 |    234 |   5353 |   6 | 1166.0 |
        Temple |     39 |     22 |     17 |      0 |     16 |   1 |   39.0 |
               +--------+--------+--------+--------+--------+-----+--------+

Top non-repeatable levels by time:
     D:4: 1867 daAuts
     D:5: 1703 daAuts
     D:2: 1060 daAuts
     D:3: 963 daAuts
     D:1: 887 daAuts
     D:6: 514 daAuts
  Temple: 39 daAuts
